 Dungeon Crawl Stone Soup version 0.29.1-4-g47bece8355 (webtiles) character file.

Game seed: 10935169023497350804

11 RevealingFortune the Slasher (level 2, 25/25 HPs)
             Began as a Minotaur Gladiator on Dec 4, 2022.
             Quit the game on level 1 of the Dungeon.
             The game lasted 00:03:25 (471 turns).

RevealingFortune the Slasher (Minotaur Gladiator)    Turns: 471, Time: 00:03:26

Health: 25/25      AC:  3    Str: 18    XL:     2   Next: 17%
Magic:  1/1        EV: 12    Int:  5    God:
Gold:   17         SH:  0    Dex: 11    Spells: 1/1 levels left

rFire   . . .      SeeInvis .   a - +0 long sword
rCold   . . .      Faith    .   (no shield)
rNeg    . . .      Spirit   .   b - +0 leather armour
rPois   .          Reflect  .   c - +0 hat
rElec   .          Harm     .   (no cloak)
rCorr   .          Rampage  .   (no gloves)
Will    .....                   (no boots)
Stlth   +.........              (no amulet)
HPRegen 0.08/turn               (no ring)
MPRegen 0.07/turn               (no ring)

@: no status effects
A: horns 2, retaliatory headbutt
a: no special abilities


You were on level 1 of the Dungeon.
You visited 1 branch of the dungeon, and saw 1 of its levels.

You collected 17 gold pieces.

Inventory:

Hand Weapons
 a - a +0 long sword (weapon)
Missiles
 d - 3 throwing nets (quivered)
 e - a javelin
Armour
 b - a +0 leather armour (worn)
 c - a +0 hat (worn)
Scrolls
 g - 2 scrolls of identify {unknown}
Potions
 f - a potion of curing {unknown}


   Skills:
 + Level 2.6 Fighting
 + Level 4.0 Long Blades
 + Level 2.0 Throwing
 + Level 3.5 Dodging


You had one spell level left.
You didn't know any spells.
Your spell library was empty.

Dungeon Overview and Level Annotations

Branches:
Dungeon (1/15)

Altars:


Innate Abilities, Weirdness & Mutations

You have a pair of horns on your head.
You reflexively headbutt those who attack you in melee.


Message History

The bat hits you but does no damage.
You hit the bat.
The bat is moderately wounded.
The bat closely misses you. The bat hits you but does no damage.
You slash the bat!
You kill the bat!
g - 2 scrolls labelled NAMANYITOOGH (gained 1)
A frilled lizard comes into view.
The frilled lizard hisses angrily.
You closely miss the frilled lizard.
The frilled lizard bites you but does no damage.
You closely miss the frilled lizard.
Your headbutt misses the frilled lizard.
The frilled lizard misses you.
You hit the frilled lizard.
You kill the frilled lizard!
A rat comes into view.
The rat twitches its whiskers.
You see here 9 gold pieces.
A rat is nearby!
A rat is nearby!
You slash the rat!
You kill the rat!
You now have 17 gold pieces (gained 9).
Welcome back, RevealingFortune the Minotaur Gladiator.
Press ? for a list of commands and other information.
Sorry, I don't know how to traverse that place.
Sorry, I don't know how to traverse that place.
Why would you want to do that? Why would you want to do that?
Why would you want to do that? Why would you want to do that?
Why would you want to do that? Why would you want to do that?
Why would you want to do that?
You swing at nothing.
You swing at nothing.
You swing at nothing.
Unknown command.
Are you sure you want to abandon this character and quit the game? (Confirm with "yes".)

#.##.#.#.#######.#####.####
#.##.#.#.##...##.# ###.#
#......#.##...##.# #...#
####.###.........# #.###
#.##..##'###+## #.#
#.##.##≈.≈≈≈.≈###.#
########.##.##§§.§.§≈#...#
#............#§§...≈≈#.###
#.###.#..#....@≈.<.≈...#
###.###.#......#≈≈...≈≈###
........#>.....#≈≈.≈.≈≈#
........#..#..##≈.≈≈≈.≈#
..#............##+###+##
#.####.###.#......#
#.#...............#
#.#.##.##.#######...#
#.........# ...#


There were no monsters in sight!

Vanquished Creatures
  A dart slug (D:1)
  2 endoplasms (D:1)
  2 goblins (D:1)
  2 bats (D:1)
  2 frilled lizards (D:1)
  A rat (D:1)
10 creatures vanquished.

Notes
Turn   | Place    | Note
-------+----------+-------------------------------------------
     0 | D:1      | RevealingFortune the Minotaur Gladiator began the quest for
                  | the Orb.
     0 | D:1      | Reached XP level 1. HP: 18/18 MP: 0/0
   271 | D:1      | Reached skill level 4 in Long Blades
   271 | D:1      | Reached XP level 2. HP: 18/25 MP: 1/1
   471 | D:1      | Quit the game

Illustrated notes

Levels and vault maps discovered:
D:1:      ncdulo_lavacross, layout_loops_cross

Skill      XL: |  1 |
---------------+----+-----
Long Blades    | 4 |  4.0
Fighting       | |  2.6
Throwing       | |  2.0
Dodging        | |  3.5

Action                   || total
-------------------------++-------
Melee: Long sword        ||    25
       Headbutt          ||     2
Armor: Leather armour    ||     9
Dodge: Dodged            ||    15
